 Dungeon Crawl Stone Soup version 0.26-a0-52-gd53d4cd (webtiles) character file.

Game seed: 15337006461915745371

132 thirtiethelement the Shield-Bearer (level 5, -5/47 HPs)
             Began as a Gnoll Fighter on June 7, 2020.
             Slain by a centaur skeleton (6 damage)
             ... on level 4 of the Dungeon.
             The game lasted 00:03:30 (2046 turns).

thirtiethelement the Shield-Bearer (Gnoll Fighter)  Turns: 2046, Time: 00:03:30

Health: -5/47      AC:  9    Str: 15    XL:     5   Next: 15%
Magic:  7/7        EV:  8    Int: 11    God:
Gold:   105        SH: 10    Dex: 14    Spells: 6/6 levels left

rFire    . . .     SeeInvis .   a - +0 war axe
rCold    . . .     Gourm    .   c - +0 kite shield
rNeg     . . .     Faith    .   b - +0 scale mail
rPois    .         Spirit   .   (no helmet)
rElec    .         Reflect  .   (no cloak)
rCorr    .         Harm     .   r - +0 pair of gloves
MR       .....                  (no boots)
Stlth    ..........             e - amulet of regeneration
HPRegen  0.55/turn              m - -4 ring of strength (curse)
MPRegen  0.10/turn              n - +4 ring of slaying

@: no status effects
A: distributed training, fangs 1, strong nose
a: no special abilities


You were on level 4 of the Dungeon.
You were hungry.

You visited 1 branch of the dungeon, and saw 4 of its levels.

You collected 105 gold pieces.

Inventory:

Hand Weapons
 a - a +0 war axe (weapon)
Missiles
 p - a boomerang (quivered)
Armour
 b - a +0 scale mail (worn)
 c - a +0 kite shield (worn)
 r - a +0 pair of gloves (worn)
Jewellery
 e - an amulet of regeneration (around neck)
 m - a cursed -4 ring of strength (left hand)
 n - a +4 ring of slaying (right hand)
Scrolls
 g - 5 scrolls of magic mapping
Potions
 d - a potion of might
 i - a potion of heal wounds
 j - a potion of resistance
 k - a potion of stabbing
 l - 2 potions of haste
 o - a potion of invisibility {unknown}
Comestibles
 f - 11 rations


   Skills:
 + Level 6.6 Fighting
 + Level 1.3 Short Blades
 + Level 1.3 Long Blades
 + Level 4.7 Axes
 + Level 1.3 Maces & Flails
 + Level 1.3 Polearms
 + Level 1.3 Staves
 + Level 1.3 Slings
 + Level 1.3 Bows
 + Level 1.3 Crossbows
 + Level 1.3 Throwing
 + Level 6.6 Armour
 + Level 1.3 Dodging
 + Level 1.3 Stealth
 + Level 6.6 Shields
 + Level 1.3 Unarmed Combat
 + Level 1.3 Spellcasting
 + Level 1.1 Conjurations
 + Level 1.1 Hexes
 + Level 1.1 Charms
 + Level 1.1 Summonings
 + Level 1.1 Necromancy
 + Level 1.1 Translocations
 + Level 1.1 Transmutations
 + Level 1.1 Fire Magic
 + Level 1.1 Ice Magic
 + Level 1.1 Air Magic
 + Level 1.1 Earth Magic
 + Level 1.1 Poison Magic
 + Level 1.5 Invocations
 + Level 1.3 Evocations


You had 6 spell levels left.
You didn't know any spells.
Your spell library was empty.

Dungeon Overview and Level Annotations

Branches:
Dungeon (4/15)
 Temple: D:4-7

Altars:
Qazlal

Annotations:
D:4 Ijyb


Innate Abilities, Weirdness & Mutations

Your experience applies equally to all skills.
You have very sharp teeth.
Your uncanny sense of smell can sniff out nearby items.


Message History

The orc priest is lightly wounded.
You hit Ijyb. You hit the worker ant. You hit the centaur skeleton.
You closely miss the orc.
You block the centaur skeleton's attack.
The worker ant waves its antennae.
You block the worker ant's attack. The orc hits you with a +0 flail.
* * * LOW HITPOINT WARNING * * *
Ijyb hits you but does no damage. The orc priest misses you.
You slash the orc priest!
The orc priest is heavily wounded.
You hit the orc. You slash the centaur skeleton!
You hit the worker ant but do no damage.
You hit Ijyb. The centaur skeleton hits you.
* * * LOW HITPOINT WARNING * * *
The worker ant bites you but does no damage.
The orc hits you with a +0 flail.
* * * LOW HITPOINT WARNING * * *
You block the orc priest's attack. You block Ijyb's attack.
The centaur skeleton hits you.
You die...

...# ..## #
#..###...# # #.
#..#E#...#
#.#.##..###...#
#..............
#........._..
#.#..o.......
#..o@Z# #.#.ga#
##.## ....
...... #.###..#
# #..# #?.# #.
∆ ∆


You could see a fire elemental, Ijyb, a worker ant, an orc priest, an orc and a
centaur skeleton.

Vanquished Creatures
  A worker ant (D:2)
  3 adders
  An ooze (D:1)
  2 worms (D:2)
  2 dart slugs
  3 leopard geckos
  5 orcs
  3 ball pythons
  5 bats
  2 giant cockroaches
  8 hobgoblins
  2 jackals (D:1)
  6 kobolds
  3 frilled lizards
  7 goblins
  6 rats
59 creatures vanquished.

Notes
Turn   | Place    | Note
-------+----------+-------------------------------------------
     0 | D:1      | thirtiethelement the Gnoll Fighter began the quest for the
                  | Orb.
     0 | D:1      | Reached XP level 1. HP: 23/23 MP: 1/1
   198 | D:1      | Reached XP level 2. HP: 28/29 MP: 2/2
   533 | D:1      | Reached XP level 3. HP: 31/35 MP: 3/3
   718 | D:2      | Reached skill level 1 in Invocations
   925 | D:2      | Reached skill level 1 in Short Blades
   925 | D:2      | Reached skill level 1 in Long Blades
   925 | D:2      | Reached skill level 1 in Maces & Flails
   925 | D:2      | Reached skill level 1 in Polearms
   925 | D:2      | Reached skill level 1 in Staves
   925 | D:2      | Reached skill level 1 in Slings
   925 | D:2      | Reached skill level 1 in Bows
   925 | D:2      | Reached skill level 1 in Crossbows
   925 | D:2      | Reached skill level 1 in Throwing
   925 | D:2      | Reached skill level 1 in Dodging
   925 | D:2      | Reached skill level 1 in Stealth
   925 | D:2      | Reached skill level 1 in Unarmed Combat
   925 | D:2      | Reached skill level 1 in Spellcasting
   925 | D:2      | Reached skill level 1 in Evocations
   925 | D:2      | Reached XP level 4. HP: 35/41 MP: 5/5
  1045 | D:2      | Reached skill level 1 in Conjurations
  1045 | D:2      | Reached skill level 1 in Hexes
  1045 | D:2      | Reached skill level 1 in Charms
  1045 | D:2      | Reached skill level 1 in Summonings
  1045 | D:2      | Reached skill level 1 in Necromancy
  1045 | D:2      | Reached skill level 1 in Translocations
  1045 | D:2      | Reached skill level 1 in Transmutations
  1045 | D:2      | Reached skill level 1 in Fire Magic
  1045 | D:2      | Reached skill level 1 in Ice Magic
  1045 | D:2      | Reached skill level 1 in Air Magic
  1045 | D:2      | Reached skill level 1 in Earth Magic
  1045 | D:2      | Reached skill level 1 in Poison Magic
  1312 | D:3      | Reached XP level 5. HP: 47/47 MP: 6/6
  2036 | D:4      | Noticed a fire elemental
  2038 | D:4      | Noticed Ijyb
  2039 | D:4      | Found a stormy altar of Qazlal.
  2039 | D:4      | Paralysed by Ijyb for 3 turns
  2046 | D:4      | HP: 1/47 [orc/+0 flail (3)]
  2046 | D:4      | Slain by a centaur skeleton

Illustrated notes

Levels and vault maps discovered:
D:1:      wander_arrival_chamber, layout_rooms, minmay_tetromino_s4
D:2:      layout_rooms, first_ration, guppyfry_early_lair_pool
D:3:      layout_basic
D:4:      layout_loops_corners, nicolae_qazlal_style_of_elements,
          marbit_many_paths, minmay_temple_entry_mist, uniq_pikel,
          uniq_blork_the_orc, uniq_ijyb

Skill      XL: |  1  2  3  4 |
---------------+-------------+-----
Invocations    | 1 |  1.5
Short Blades   | 1 |  1.3
Long Blades    | 1 |  1.3
Maces & Flails | 1 |  1.3
Polearms       | 1 |  1.3
Staves         | 1 |  1.3
Slings         | 1 |  1.3
Bows           | 1 |  1.3
Crossbows      | 1 |  1.3
Throwing       | 1 |  1.3
Dodging        | 1 |  1.3
Stealth        | 1 |  1.3
Unarmed Combat | 1 |  1.3
Spellcasting   | 1 |  1.3
Evocations     | 1 |  1.3
Conjurations   | 1 |  1.1
Hexes          | 1 |  1.1
Charms         | 1 |  1.1
Summonings     | 1 |  1.1
Necromancy     | 1 |  1.1
Translocations | 1 |  1.1
Transmutations | 1 |  1.1
Fire Magic     | 1 |  1.1
Ice Magic      | 1 |  1.1
Air Magic      | 1 |  1.1
Earth Magic    | 1 |  1.1
Poison Magic   | 1 |  1.1
Fighting       | |  6.6
Axes           | |  4.7
Armour         | |  6.6
Shields        | |  6.6

Action                   |  1- 3 |  4- 6 || total
-------------------------+-------+-------++-------
Melee: War axe           |    89 |    86 ||   175
       Bite              |    13 |    15 ||    28
  Use: Scroll            |     6 |     6 ||    12
  Eat: Chunk             |       |     3 ||     3
Armor: Scale mail        |    42 |    38 ||    80
Dodge: Dodged            |    21 |    21 ||    42
Block: Kite shield       |    55 |    50 ||   105

Table legend:
 A = Non-vault XP
 B = Vault XP
 C = Vault XP percentage of total XP
 D = Non-vault monster count
 E = Vault monster count
 F = Vault count percentage of total count
                 A         B        C        D         E       F
            +---------+---------+-------+---------+---------+-------
      Total |     187 |       2 |   1.1 |      58 |       1 |   1.7
            +---------+---------+-------+---------+---------+-------
        D:1 |      32 |       2 |   5.9 |      16 |       1 |   5.9
        D:2 |     101 |       0 |   0.0 |      21 |       0 |   0.0
        D:3 |      48 |       0 |   0.0 |      19 |       0 |   0.0
        D:4 |       6 |       0 |   0.0 |       2 |       0 |   0.0
            +---------+---------+-------+---------+---------+-------
